Map: Eternal Empire LE

Players

Rogue - Winner!

  • Race: Zerg Zerg
  • Spawn Location: 1:00

Probe

  • Race: Protoss Protoss
  • League: Master
  • Spawn Location: 7:00

Event: DreamHack SC2 Masters 2020 Fall

VOD

https://youtu.be/rp_JrUVqdf4

Description

Time

  • Played on: Sept. 17, 2020, 9:30 a.m.
  • Length: 10:20

All games in this series

Show
View Real Time Build Order
Export as new Build Order

Rogue Zerg - Winner!

Build Orders: Hatch First 

Get SALT Encoding   

  12  0:00  Drone  
  13  0:12  Overlord  
  13  0:17  Drone  
  14  0:30  Drone  
  15  0:44  Hatchery  
  15  0:47  Drone  
  15  0:51  Drone  
  15  0:55  Drone  
  17  0:58  Drone  
  18  1:09  Extractor  
  17  1:14  Spawning Pool  
  17  1:17  Drone  
  17  1:21  Drone  
  18  1:33  Drone  
  19  1:45  Drone  
  20  2:01  Baneling Nest  
  20  2:03  Queen, Spine Crawler x2  
  20  2:04  Zergling x4  
  20  2:05  Zergling x2  
  23  2:14  Metabolic Boost  
  23  2:19  Drone  
  23  2:20  Drone  
  25  2:28  Queen  
  27  2:34  Overlord  
  27  2:37  Drone  
  28  2:52  Queen  
  28  2:54  Drone x2  
  32  2:59  Overlord  
  32  3:02  Drone x2  
  34  3:10  Queen  
  35  3:17  Overlord  
  35  3:19  Drone  
  37  3:20  Drone x2  
  38  3:28  Queen  
  38  3:34  Zergling x6  
  43  3:43  Drone x2  
  43  3:46  Queen  
  47  3:48  Overlord  
  47  3:54  Overlord  
  47  3:59  Overlord  
  47  4:06  Queen  
  49  4:10  Zergling x4  
  49  4:16  Zergling x2  
  53  4:17  Zergling x8  
  53  4:23  Queen  
  53  4:25  Zergling x2  
  53  4:26  Zergling x6  
  57  4:40  Hatchery  
  57  4:44  Zergling x8  
  60  4:51  Queen  
  62  4:54  Zergling x4  
  64  5:04  Drone  
  64  5:05  Drone x3  
  64  5:07  Overlord  
  68  5:13  Overlord  
  68  5:18  Overlord  
  67  5:24  Queen  
  67  5:29  Queen  
  67  5:31  Zergling x12  
  75  5:41  Zergling x6  
  75  5:42  Zergling x2  
  77  5:50  Drone  
  72  5:59  Queen  
  72  6:00  Zergling x2  
  72  6:01  Zergling x8  
  76  6:10  Queen  
  73  6:13  Zergling x2  
  73  6:14  Zergling x4  
  78  6:21  Drone  
  75  6:28  Zergling x2  
  75  6:29  Zergling x2  
  75  6:34  Queen  
  75  6:39  Zergling x2  
  72  6:40  Zergling x2  
  72  6:46  Zergling x6  
  74  6:55  Drone  
  74  6:57  Hatchery  
  73  7:08  Zergling x4  
  74  7:14  Zergling x2  
  72  7:17  Drone x4  
  72  7:18  Queen  
  72  7:19  Zergling x2  
  72  7:20  Zergling x4  
  81  7:25  Drone x2  
  78  7:39  Zergling x4  
  78  7:43  Queen  
  75  7:44  Drone  
  75  7:50  Zergling x2  
  75  7:51  Zergling x6  
  77  8:01  Queen, Drone x2  
  78  8:06  Extractor  
  78  8:07  Zergling x2, Hatchery  
  74  8:14  Zergling x2  
  74  8:15  Queen, Drone  
  77  8:24  Zergling x6  
  78  8:27  Drone x2  
  78  8:30  Extractor  
  77  8:35  Spawning Pool, Drone x2  
  77  8:37  Queen  
  77  8:40  Zergling x8  
  81  8:50  Drone  
  78  9:01  Drone x3  
  70  9:03  Drone  
  58  9:15  Drone x4  
  56  9:23  Lair  
  56  9:24  Drone x2  
  58  9:34  Zergling x8  
  58  9:37  Zergling x2  
  63  9:40  Zergling x2  
  63  9:42  Zergling x2  
  63  9:43  Zergling x2  
  66  9:47  Zergling x2  
  66  9:48  Zergling x2  
  68  9:53  Zergling x4  
  69  10:00  Zergling x6  
Show
View Real Time Build Order
Export as new Build Order

Probe Protoss 

Build Orders:  

Get SALT Encoding   

  12  0:00  Probe  
  13  0:12  Probe  
  14  0:17  Pylon  
  14  0:24  Probe (Chrono Boost)  
  15  0:36  Probe (Chrono Boost)  
  15  0:40  Gateway  
  16  0:44  Probe (Chrono Boost)  
  16  0:46  Assimilator  
  17  0:51  Probe  
  18  1:03  Probe  
  19  1:06  Forge  
  19  1:15  Probe  
  19  1:16  Pylon  
  20  1:27  Probe  
  21  1:35  Cybernetics Core  
  21  1:41  Photon Cannon  
  21  1:49  Probe  
  21  1:50  Pylon  
  22  1:58  Photon Cannon  
  22  2:05  Probe  
  23  2:12  Robotics Facility  
  23  2:16  Shield Battery  
  23  2:21  Pylon  
  23  2:35  Photon Cannon  
  23  2:41  Photon Cannon  
  23  2:49  Shield Battery  
  23  2:56  Photon Cannon  
  23  3:00  Observer (Chrono Boost)  
  24  3:07  Photon Cannon  
  24  3:13  Immortal (Chrono Boost)  
  28  3:25  Shield Battery  
  28  3:31  Photon Cannon  
  28  3:36  Observer  
  28  3:50  Immortal (Chrono Boost)  
  28  3:53  Shield Battery  
  32  4:07  Shield Battery  
  32  4:08  Shield Battery  
  32  4:20  Shield Battery  
  32  4:21  Shield Battery  
  32  4:25  Warp Prism (Chrono Boost)  
  34  4:38  Shield Battery  
  34  4:46  Shield Battery  
  34  4:59  Immortal  
  38  5:10  Pylon  
  38  5:12  Shield Battery  
  38  5:17  Shield Battery  
  38  5:32  Shield Battery  
  38  5:39  Immortal  
  42  5:48  Shield Battery  
  42  5:59  Shield Battery  
  42  6:00  Shield Battery  
  42  6:18  Immortal  
  46  6:28  Gateway  
  46  6:33  Pylon  
  45  6:49  Shield Battery  
  45  6:57  Immortal (Chrono Boost)  
  49  7:05  Pylon  
  49  7:25  Shield Battery  
  49  7:28  Shield Battery  
  49  7:30  Immortal (Chrono Boost)  
  49  7:54  Shield Battery  
  49  7:56  Shield Battery  
  49  8:04  Immortal (Chrono Boost)  
  53  8:36  Immortal  
  57  9:17  Nexus  
  57  9:24  Observer  
  57  9:29  Immortal (Chrono Boost)  
  61  9:38  Pylon  

Tags
 
Add a new tag
Caveats
  • Supply blocks, unpowered buildings, or Contaminate may cause inaccurate times.
  • Supply counts are checked every 10 seconds.